cohdb
Replays
Latest Replays
All Replays
Popular Replays
Top Player Replays
Match Explorer
How It Works
Community
CoH3 Stats
Reddit
Sign in to upload your games and track your stats! →
Sign in with Steam
Match 39858533
Unlisted
Match 39858533
Overview
Messages
Build Orders
End
Construct Infanterie Kompanie
Kettenkrad Recon Vehicle
Grenadier Squad
MG 42 Machine Gun Team
Grenadier Squad
Construct Luftwaffe Kompanie
Selects Luftwaffe Battlegroup
Selects Luftwaffe Pioneer Support
Fallschirmpioneer Squad Paradrop
Jäger Squad
Forward Retreat Point
Medical Bunker
Luftwaffe Officer Quarters
Construct Panzer Kompanie
Selects Stuka Strafing Run
Selects Fallschirmjäger Squad Paradrop
Selects Fragmentation Bombs
Fragmentation Bombs
Fallschirmjäger Squad Paradrop
insane
LeVisir
YO BOY ANT
Haddam Sussein
LeaveANegativeComment
Snax254
HeadTACO
Wh1teLoki
0
0
Comments
sign in to comment!
No comments posted yet!